 Dungeon Crawl Stone Soup version 0.30.1-11-g7821555f0a (webtiles) character file.

Game seed: 4355041174027260543

45 SacredBeard the Grave Robber (level 3, -1/25 (26) HPs)
             Began as a Demonspawn Necromancer on Nov 18, 2023.
             Slain by Crazy Yiuf
             ... wielding a +4 quarterstaff of chaos
              (5 damage)
             ... on level 2 of the Dungeon.
             The game lasted 00:03:38 (2154 turns).

SacredBeard the Grave Robber (DsNe)                 Turns: 2154, Time: 00:03:38

HP:   -1/25 (26)    AC:  3    Str:  8    XL:     3   Next: 42%
MP:   1/6           EV: 11    Int: 16    God:
Gold: 86            SH:  0    Dex: 15    Spells: 5/6 levels left

rFire   . . .        g - +1 dagger (venom)
rCold   . . .        (no shield)
rNeg    . . .        b - +0 leather armour
rPois   .            (no helmet)
rElec   .            (no cloak)
rCorr   .            (no gloves)
SInv    .            (no boots)
Will    .....        (no amulet)
Stlth   ++           (no ring)
HPRegen 0.24/turn    (no ring)
MPRegen 0.10/turn

%: no passive effects
@: lightly drained
A: hooves 2
a: no special abilities


You were on level 2 of the Dungeon.
You visited 1 branch of the dungeon, and saw 2 of its levels.

You collected 141 gold pieces.
You spent 55 gold pieces at shops.

Inventory:

Hand Weapons
 g - a +1 dagger of venom (weapon)
Missiles
 e - 20 stones
 j - 3 poisoned darts
Armour
 b - a +0 leather armour (worn)
Scrolls
 a - a scroll of torment {unknown}
 f - a scroll of amnesia {unknown}
 h - 3 scrolls of identify {unknown}
 l - a scroll of enchant weapon {unknown}
 m - a scroll of teleportation {unknown}
 n - a scroll of enchant armour {unknown}
Potions
 c - 3 potions of heal wounds
 d - a potion of berserk rage {unknown}
 i - 2 potions of resistance {unknown}
 k - a potion of curing {unknown}
 o - a potion of flight {unknown}


   Skills:
 + Level 1.0 Fighting
 + Level 0.5 Throwing
 + Level 0.9 Armour
 - Level 2.0 Dodging
 + Level 2.1 Stealth
 - Level 2.0 Spellcasting
 * Level 4.9 Necromancy


You had 5 spell levels left.
You knew the following spells:

 Your Spells              Type           Power      Damage    Failure   Level
a - Necrotise             Necr           68%        1d7       3%          1

Your spell library contained the following spells:

 Spells                   Type           Power      Damage    Failure   Level
 Vampiric Draining        Necr           17%        2d7       12%         3
 Animate Dead             Necr           17%        N/A       36%         4
 Agony                    Necr           17%        N/A       71%         5


Dungeon Overview and Level Annotations

Branches:
Dungeon (2/15) Zot: 9824

Altars:

Shops:
D:1 !

Annotations:
D:2 Crazy Yiuf


Innate Abilities, Weirdness & Mutations

You have hoof-like feet.


Message History

Your Fighting skill increases to level 1!
No target in view!
You see here a worm corpse.
There is an open door here.
There is an open door here.
There is an open door here.
You see here a +0 ring mail.
You see here a +0 hammer.
Could not explore, unopened runed door.
You open the door.
There is an open translucent door here.
Crazy Yiuf shouts!
Crazy Yiuf writhes in agony!
Crazy Yiuf writhes in agony.
Crazy Yiuf says, "Candle tired sing-song!"
Crazy Yiuf writhes in agony.
Crazy Yiuf says, "Spliff disdain bush!"
Crazy Yiuf hits you with a +4 quarterstaff of chaos!
You feel drained.
You are too injured to fight recklessly!
You are too injured to fight recklessly!
You are too injured to fight recklessly!
You are too injured to fight recklessly!
You are too injured to fight recklessly!
Casting: Necrotise (safe; 3% risk of failure)
Confirm with . or Enter, or press ? or * to list all spells.
Aiming: Necrotise (safe; 3% risk of failure)
Press: ? - help, Shift-Dir - straight line, f/p - Crazy Yiuf
Aim: Crazy Yiuf, wielding a +4 quarterstaff of chaos and wearing a +0 cloak (heavily wounded, chance to affect: 81%) Crazy Yiuf writhes in agony.
Crazy Yiuf closely misses you.
Casting: Necrotise (safe; 3% risk of failure)
Confirm with . or Enter, or press ? or * to list all spells.
Aiming: Necrotise (safe; 3% risk of failure)
Press: ? - help, Shift-Dir - straight line, f/p - Crazy Yiuf
Aim: Crazy Yiuf, wielding a +4 quarterstaff of chaos and wearing a +0 cloak (severely wounded, chance to affect: 81%) Crazy Yiuf barely resists.
Crazy Yiuf hits you with a +4 quarterstaff of chaos!
* * * LOW HITPOINT WARNING * * *
Crazy Yiuf burns you.
You die...

## .# ######### .# #........ .###
#.######. ...# #[# #. ...# ####♣♣
#### #.# #. ...###....♣♣ ♣♣#..)#
#.# #. ...##......♣♣♣♣.@g..# #.#
#. ...#..).....♣..♣#...# ###.# #.
...#.##....♣.♣♣♣ #### #...# #)
.....####♣♣♣♣♣ ##### #. ....## #.
....# ### #. ....# #.# #.
....#########.##################.
....'.....).[...................>


You could see Crazy Yiuf.

Vanquished Creatures
  2 worms (D:2)
  2 dart slugs (D:2)
  4 ball pythons
  3 endoplasms (D:1)
  3 giant cockroaches (D:1)
  5 goblins
  2 hobgoblins
  2 quokkas (D:1)
  2 bats (D:1)
  3 kobolds
  A rat (D:2)
29 creatures vanquished.

Vanquished Creatures (collateral kills)
  A goblin (D:1)
  A frilled lizard (D:1)
2 creatures vanquished.

Grand Total: 31 creatures vanquished

Notes
Turn   | Place    | Note
-------+----------+-------------------------------------------
     0 | D:1      | SacredBeard the Demonspawn Necromancer began the quest for
                  | the Orb.
     0 | D:1      | Reached XP level 1. HP: 13/13 MP: 3/3
   138 | D:1      | Gained mutation: You have large cloven feet. [demonic
                  | ancestry]
   138 | D:1      | Reached XP level 2. HP: 20/20 MP: 3/5
   299 | D:1      | Found a faded altar of an unknown god.
   740 | D:1      | Found Zepror's Distillery.
   745 | D:1      | Bought a potion of heal wounds for 55 gold pieces
  1169 | D:2      | Gained mutation: You have hoof-like feet. [demonic
                  | ancestry]
  1169 | D:2      | Reached XP level 3. HP: 25/25 MP: 3/6
  1714 | D:2      | Found a runed translucent door.
  1715 | D:2      | Noticed Crazy Yiuf
  1981 | D:2      | Reached skill level 1 in Fighting
  2154 | D:2      | Slain by Crazy Yiuf

Illustrated notes

Levels and vault maps discovered:
D:1:      ncdulo_wetmaze, layout_loops_ring, serial_shops,
          nicolae_shop_rolling_square, basic_ecumenical_altar,
          serial_bayou_lagoon_b
D:2:      layout_basic, nicolae_titane, uniq_crazy_yiuf_cottage

Skill      XL: |  1  2  3 |
---------------+----------+-----
Stealth        | 2 |  2.1
Dodging        | 2 |  2.0
Fighting       | 1 |  1.0
Throwing       | |  0.5
Armour         | |  0.9
Spellcasting   | |  2.0
Necromancy     | |  4.9

Action                     || total
---------------------------++-------
  Melee: Unarmed           ||     1
         Dagger            ||     4
   Cast: Necrotise         ||    64
    Use: Potion            ||     1
 Armour: Robe              ||     3
  Dodge: Dodged            ||     7
